AoeStats
← Maty

Arabia

505479965Analyzed
1v1 RM · 23d ago on Sep 9, 2026· 33m 20s· 2 players
Game mode
Random Map
Map size
Tiny (2 player)
Population
200
Speed
Normal
Resources
Standard
Victory
Conquest
Starting age
Dark Age
Ending age
Imperial Age
RankedLock teamsTeams togetherTeam positionsShared explorationLock speedFull tech treeHidden civsTurbo modeCheats
Victory
Defeat
🇪🇨 Chinese · Ecuador
1891
+13
🇲🇽 Mongols · Mexico
1821
-13
hK | Agt. Smith
6:08 Loom
8:39 Feudal Age
8:53 Man-at-Arms
14:48 Fletching
16:36 Double-Bit Axe
20:24 Wheelbarrow
23:11 Castle Age
21:49 Padded Archer Armor
21:34 Horse Collar
22:46 Gold Mining
24:19 Bodkin Arrow
25:30 Pikeman
27:16 Town Watch
31:58 Ballistics
32:46 Bloodlines
Maty
0:26 Loom
9:18 Feudal Age
10:43 Double-Bit Axe
16:20 Fletching
21:40 Castle Age
19:53 Horse Collar
20:03 Gold Mining
21:12 Scale Barding Armor
22:22 Bodkin Arrow
22:42 Bow Saw
23:13 Wheelbarrow
23:00 Padded Archer Armor
23:30 Bloodlines
24:31 Husbandry
28:03 Hand Cart
29:37 Heavy Plow
30:26 Leather Archer Armor
32:44 Ballistics
33:20 Town Watch
Connection lost

Rejoining the realm…

Still unreachable

The connection could not be restored.

Session expired

The server has moved on; the page needs a fresh start.